 Dungeon Crawl Stone Soup version 0.30-a0-1085-g990a428a5c (webtiles) character file.

Game seed: 2892579114959342200

4221 pokeman the Thaumaturge (level 10, -2/53 HPs)
             Began as a Deep Elf Hedge Wizard on Apr 16, 2023.
             Was a Believer of Vehumet.
             Engulfed by a cloud of steam (18 damage)
             ... on level 8 of the Dungeon.
             The game lasted 00:23:17 (8780 turns).

pokeman the Thaumaturge (Deep Elf Hedge Wizard)     Turns: 8780, Time: 00:23:17

Health: -2/53      AC:  4    Str:  7    XL:     10   Next: 9%
Magic:  19/28      EV: 13    Int: 30    God:    Vehumet [**....]
Gold:   393        SH:  0    Dex: 14    Spells: 18/34 levels left

rFire   . . .      SeeInvis .    t - +2 war axe (elec)
rCold   . . .      Faith    .    (no shield)
rNeg    . . .      Spirit   .    b - +0 robe
rPois   .          Reflect  .    c - +0 hat
rElec   .          Rampage  .    m - +0 cloak
rCorr   .                        (no gloves)
Will    +....                    r - +0 pair of boots
Stlth   ++                       B - amulet of the acrobat
HPRegen 0.28/turn                x - +6 ring of intelligence
MPRegen 0.21/turn                o - ring of flight

@: flying, studying Short Blades
A: no striking features
a: Renounce Religion


You were on level 8 of the Dungeon.
You worshipped Vehumet.
Vehumet was pleased with you.
You visited 2 branches of the dungeon, and saw 9 of its levels.

You collected 393 gold pieces.

Inventory:

Hand Weapons
 l - a +4 quarterstaff of chaos
 t - a +2 war axe of electrocution (weapon)
Armour
 b - a +0 robe (worn)
 c - a +0 hat (worn)
 m - a +0 cloak (worn)
 q - a +0 kite shield
 r - a +0 pair of boots (worn)
Magical Staves
 u - a staff of death
Jewellery
 o - a ring of flight (right hand)
 x - a +6 ring of intelligence (left hand)
 y - a +4 ring of protection
 B - an amulet of the acrobat (around neck)
 L - a +4 ring of protection
Wands
 s - a wand of iceblast (18)
 D - a wand of mindburst (6)
 E - a wand of acid (13)
 J - a wand of polymorph (9)
Scrolls
 f - 6 scrolls of identify {unknown}
 g - 2 scrolls of fog {unknown}
 j - 3 scrolls of enchant armour {unknown}
 p - 3 scrolls of vulnerability {unknown}
 w - a scroll of poison {unknown}
 C - a scroll of immolation {unknown}
 F - a scroll of silence {unknown}
 G - 2 scrolls of amnesia {unknown}
 H - a scroll of teleportation {unknown}
Potions
 a - 5 potions of curing
 d - 2 potions of magic
 e - 3 potions of heal wounds {unknown}
 h - a potion of degeneration {unknown}
 i - a potion of flight {unknown}
 k - a potion of haste {unknown}
 n - a potion of brilliance {unknown}
 v - a potion of lignification {unknown}
 z - 2 potions of ambrosia {unknown}
 A - 2 potions of cancellation {unknown}
 I - a potion of mutation {unknown}
 K - a potion of might
Miscellaneous
 M - a piece from Xom's chessboard (15/15)


   Skills:
 + Level 2.1 Fighting
 - Level 3.1 Armour
 - Level 3.0 Dodging
 - Level 3.0 Stealth
 - Level 3.0 Shields
 * Level 12.7 Spellcasting
 + Level 7.1 Conjurations
 - Level 5.0 Summonings
 - Level 1.0 Necromancy
 - Level 1.1 Translocations
 + Level 3.9 Fire Magic
 - Level 1.1 Air Magic
 - Level 1.2 Poison Magic
 - Level 1.0 Evocations


You had 18 spell levels left.
You knew the following spells:

 Your Spells              Type           Power      Damage    Failure   Level
a - Magic Dart            Conj           100%       1d8       1%          1
b - Mephitic Cloud        Conj/Pois/Air  38%        N/A       2%          3
c - Call Imp              Summ           98%        N/A       1%          2
d - Blink                 Tloc           50%        N/A       2%          2
e - Flame Wave            Conj/Fire      51%        2d13      2%          4
f - Iskenderun's Mystic   Conj/Tloc      43%        2d10      4%          4

Your spell library contained the following spells:

 Spells                   Type           Power      Damage    Failure   Level
 Kiss of Death            Conj/Necr      100%       2d13      1%          1
 Slow                     Hex            76%        N/A       2%          1
 Cigotuvi's Dreadful Rot  Necr/Pois/Air  50%        N/A       2%          2
 Sublimation of Blood     Necr           25%        N/A       2%          2
 Volatile Blastmotes      Fire/Tloc      68%        2d15      2%          3
 Sticky Flame             Conj/Fire      51%        2d7       2%          4
 Inner Flame              Hex/Fire       30%        N/A       3%          3
 Wereblood                Tmut           19%        N/A       4%          2
 Fulminant Prism          Conj/Hex       20%        3d12      6%          4
 Dispel Undead            Necr           25%        3d12      17%         4
 Lee's Rapid Deconstruct  Erth           9%         3d7*      58%         5
 Death Channel            Necr           12%        N/A       95%         6
 Summon Hydra             Summ           24%        N/A       96%         7


Dungeon Overview and Level Annotations

Branches:
Dungeon (8/15)             Temple (1/1) D:5
   Lair: D:8-11

Altars:
Dithmenos
Nemelex Xobeh
Sif Muna
Trog
Uskayaw
Vehumet
Wu Jian
Xom
Yredelemnul
The Shining One

Shops:
D:2 [

Annotations:
D:4 2 runed translucent doors
D:8 Maggie


Message History

A wave of flame ripples out!
The flame wave engulfs Joseph!
Joseph is severely wounded. (Press . to intensify the flame waves.) Unknown command.
A wave of flame ripples out!
The flame wave engulfs Joseph.
Joseph is severely wounded.
The flame wave engulfs Maggie!
Maggie is lightly wounded.
Unknown command.
Casting: Flame Wave (dangerous; 2% risk of failure)
Confirm with . or Enter, or press ? or * to list all spells.
Aiming: Mephitic Cloud (dangerous; 2% risk of failure)
Press: ? - help, Shift-Dir - straight line, f - Maggie
Aim: Maggie, wielding a +0 morningstar and wearing +0 acid dragon scales (lightly wounded, chance to affect: 77%) That beam is likely to hit you.
Continue anyway?
Okay, then.
Casting: Mephitic Cloud (dangerous; 2% risk of failure)
Confirm with . or Enter, or press ? or * to list all spells.
Aiming: Mephitic Cloud (dangerous; 2% risk of failure)
Press: ? - help, Shift-Dir - straight line, f/p - Maggie
Aim: Maggie, wielding a +0 morningstar and wearing +0 acid dragon scales (lightly wounded, chance to affect: 77%) That beam is likely to hit you.
Continue anyway?
The ball explodes into a vile cloud!
The stinking cloud engulfs Maggie but does no damage.
Maggie is lightly wounded.
The stinking cloud engulfs Joseph but does no damage.
Joseph is severely wounded.
The stinking cloud engulfs you but does no damage.
You are engulfed in a cloud of scalding steam.
Joseph is engulfed in noxious fumes.
Joseph appears confused.
Joseph hits Maggie with a +0 quarterstaff.
Maggie is engulfed in noxious fumes.
Maggie appears confused.
Unknown command.
Unknown command.
You hit Joseph. Lightning courses through Joseph!
You kill Joseph!
Vehumet accepts your kill.
You hit Maggie.
You are engulfed in a cloud of scalding steam.
You die...

.#.#.#..####....
.#.#.#..# ....
.#.#.#..# # ...
.#<.....# #. ..
.#.#.#.## ..#.########
.#.#.#... .........
.#.#.##### ##§○..##
.#...#)PP## #☼@§§..#
.....#PP≈≈## #.@§§..#
.....#P§§§≈## #.§§§≈.#
##.#.##≈≈≈≈≈###.≈##≈.#
.....###≈≈≈≈≈#..≈#
≈..# ####.#
##≈≈≈§§..≈# ≈...≈ #
#.# ##§≈...≈≈# ≈...≈ #
#.# ##...≈≈## ≈≈... #
#.#####...≈≈## #
#.#......≈≈##


You could see Maggie (confused).

Vanquished Creatures
  A two-headed ogre (D:4)
  Pikel (D:7)
  Joseph (D:8)
  A steam dragon (D:7)
  Duvessa (D:4)
  A water moccasin (D:4)
  A black bear (D:6)
  An ice beast (D:6)
  A sky beast (D:7)
  3 ogres
  2 centaurs
  3 lemures (D:7)
  A phantom (D:6)
  7 bullfrogs
  A kobold brigand (D:6)
  A scorpion (D:7)
  5 wights
  Dowan (D:4)
  A howler monkey (D:5)
  4 orc priests
  4 hounds
  3 jellies
  3 sleepcaps
  A gnoll bouda (D:5)
  4 iguanas
  7 orc wizards
  5 adders
  7 gnolls
  A shadow imp (D:7)
  2 white imps
  2 ufetubi (D:4)
  A worm (D:2)
  2 dart slugs
  43 orcs
  8 ball pythons
  2 bats
  6 endoplasms
  6 giant cockroaches
  5 goblins
  7 hobgoblins
  2 jackals (D:3)
  6 quokkas
  2 frilled lizards (D:2)
  10 kobolds
  4 rats
181 creatures vanquished.

Vanquished Creatures (collateral kills)
  A scorpion (D:6)
  Crazy Yiuf (D:2)
  A jelly (D:6)
  A kobold (D:4)
4 creatures vanquished.

Vanquished Creatures (others)
  3 plants (D:8)
  A withered plant (D:2)
4 creatures vanquished.

Grand Total: 189 creatures vanquished

Notes
Turn   | Place    | Note
-------+----------+-------------------------------------------
     0 | D:1      | pokeman the Deep Elf Hedge Wizard began the quest for the
                  | Orb.
     0 | D:1      | Reached XP level 1. HP: 10/10 MP: 7/7
   371 | D:1      | Reached XP level 2. HP: 16/16 MP: 3/9
   785 | D:1      | Reached skill level 5 in Spellcasting
  1004 | D:2      | Found a runed translucent door.
  1005 | D:2      | Noticed Crazy Yiuf
  1028 | D:2      | Found Ruodah's Antique Armour Shoppe.
  1134 | D:2      | Found a faded altar of an unknown god.
  1141 | D:2      | Reached XP level 3. HP: 16/20 MP: 5/11
  1145 | D:2      | Learned a level 3 spell: Mephitic Cloud
  1148 | D:2      | Learned a level 2 spell: Call Imp
  1151 | D:2      | Learned a level 2 spell: Blink
  1327 | D:2      | Reached skill level 1 in Armour
  1364 | D:2      | Reached skill level 1 in Fighting
  2248 | D:2      | Killed Crazy Yiuf
  2249 | D:2      | Reached XP level 4. HP: 23/25 MP: 0/13
  3056 | D:4      | Noticed Duvessa
  3068 | D:4      | Killed Duvessa
  3068 | D:4      | Noticed Dowan
  3069 | D:4      | Reached skill level 6 in Spellcasting
  3069 | D:4      | Reached skill level 1 in Air Magic
  3069 | D:4      | Reached skill level 1 in Poison Magic
  3069 | D:4      | Reached XP level 5. HP: 21/29 MP: 11/16
  3088 | D:4      | Reached XP level 6. HP: 32/34 MP: 12/17
  3103 | D:4      | Killed Dowan
  3371 | D:4      | Noticed a water moccasin
  3389 | D:4      | Killed a water moccasin
  3390 | D:4      | Reached skill level 7 in Spellcasting
  3632 | D:4      | Found a large runed translucent door.
  3632 | D:4      | Found a large runed translucent door.
  3730 | D:4      | Noticed a two-headed ogre
  3737 | D:4      | Found a large runed translucent door.
  3737 | D:4      | Found a large runed translucent door.
  3792 | D:4      | Reached skill level 1 in Evocations
  3792 | D:4      | Reached XP level 7. HP: 22/39 MP: 11/20
  4267 | D:5      | Entered Level 5 of the Dungeon
  4267 | D:5      | Found a staircase to the Ecumenical Temple.
  4276 | Temple   | Entered the Ecumenical Temple
  4281 | Temple   | Became a worshipper of Vehumet
  4330 | D:5      | Reached skill level 1 in Necromancy
  4338 | D:5      | Reached skill level 8 in Spellcasting
  4985 | D:5      | Reached XP level 8. HP: 22/44 MP: 9/22
  5100 | D:5      | Found a shadowy altar of Dithmenos.
  5336 | D:6      | Reached skill level 9 in Spellcasting
  5454 | D:6      | Reached * piety under Vehumet
  5454 | D:6      | Offered knowledge of Shock by Vehumet.
  5683 | D:6      | Reached skill level 1 in Shields
  5683 | D:6      | Reached skill level 5 in Conjurations
  5796 | D:6      | Reached skill level 10 in Spellcasting
  5829 | D:6      | Found a runed translucent door.
  5851 | D:6      | Learned a level 4 spell: Flame Wave
  6317 | D:6      | Reached XP level 9. HP: 30/48 MP: 13/25
  6561 | D:6      | Reached skill level 5 in Summonings
  6803 | D:6      | Reached ** piety under Vehumet
  6805 | D:6      | Offered knowledge of Kiss of Death by Vehumet.
  6807 | D:6      | Reached skill level 11 in Spellcasting
  6815 | D:6      | Reached skill level 1 in Fire Magic
  6967 | D:6      | Identified the +2 quarterstaff "Ogrebane" {holy, Int+4
                  | Dex+2}
  7521 | D:7      | Noticed Pikel
  7570 | D:7      | Killed Pikel
  7571 | D:7      | Reached skill level 12 in Spellcasting
  7980 | D:7      | Learned a level 4 spell: Iskenderun's Mystic Blast
  8316 | D:4      | Killed a two-headed ogre
  8317 | D:4      | Reached XP level 10. HP: 53/53 MP: 5/28
  8768 | D:8      | Noticed Joseph
  8773 | D:8      | Noticed Maggie
  8780 | D:8      | Killed Joseph
  8780 | D:8      | Engulfed by a cloud of steam

Illustrated notes

Levels and vault maps discovered:
D:1:      saegor_arrival_simple_e, layout_basic
D:2:      layout_loops_ring, ebering_ecumenical_altar_petrified, serial_shops,
          nicolae_shop_tiny_real_fake_doors, uniq_crazy_yiuf_cottage
D:3:      layout_rooms
D:4:      layout_rooms, minmay_misc_feat_roman, minmay_statues_item,
          minivault_19, chequers_serial_rivers_marsh, hangedman_decor_opposing,
          dk_noncrumbling_2, minmay_hollow_rounded_squares, uniq_duvessa
D:5:      layout_basic, nicolae_dithmenos_through_a_glass_darkly,
          temple_statues, minmay_puff
D:6:      minmay_spotlight, layout_basic, kennysheep_pointless_box,
          grunt_ministairs_12, lightli_church_of_beogh
D:7:      layout_gridville, uniq_pikel
D:8:      minmay_weird_star, layout_basic, uniq_joseph, uniq_maggie
Temple:   compressed_dpeg_triangle_lava_temple

Skill      XL: |  1  2  3  4  5  6  7  8  9 |
---------------+----------------------------+-----
Spellcasting   | 5 6 7 8 10 12 | 12.7
Armour         | 1 2 3 |  3.1
Fighting       | 1 2 |  2.1
Conjurations   | 2 3 4 5 7 |  7.1
Dodging        | 3 |  3.0
Stealth        | 3 |  3.0
Air Magic      | 1 |  1.1
Poison Magic   | 1 |  1.2
Summonings     | 2 3 4 5 |  5.0
Evocations     | 1 |  1.0
Necromancy     | 1 |  1.0
Shields        | 2 3 |  3.0
Fire Magic     | 3 |  3.9
Translocations | |  1.1

Action                     |  1- 3 |  4- 6 |  7- 9 | 10-12 || total
---------------------------+-------+-------+-------+-------++-------
  Melee: Dagger            |     2 |       |       |       ||     2
         Quarterstaff      |       |    38 |       |       ||    38
         War axe           |       |     5 |   140 |    13 ||   158
         Punch             |       |       |     3 |       ||     3
   Cast: Magic Dart        |   114 |    80 |   198 |       ||   392
         Call Imp          |     6 |     2 |    12 |       ||    20
         Mephitic Cloud    |     2 |     4 |    33 |     3 ||    42
         Blink             |       |     1 |     7 |       ||     8
         Iskenderun's Myst |       |       |     2 |       ||     2
         Flame Wave        |       |       |     1 |     3 ||     4
   Stab: Confused          |       |     3 |    14 |     1 ||    18
         Sleeping          |       |     1 |       |     1 ||     2
 Armour: Robe              |     4 |    10 |    42 |     2 ||    58
  Dodge: Dodged            |     6 |    40 |   112 |     8 ||   166

Table legend: (Time is in decaauts)
 A = Elapsed time spent in this place.
 B = Non-inter-level travel time spent in this place.
 C = Inter-level travel time spent in this place.
 D = Time resting spent in this place.
 E = Time spent auto-exploring this place.
 F = Levels seen in this place.
 G = Mean time per level.
                   A        B        C        D        E       F      G
               +--------+--------+--------+--------+--------+-----+--------+
         Total |   8868 |   8586 |    282 |    502 |   6636 |   9 |  985.3 |
       Dungeon |   8857 |   8575 |    282 |    502 |   6636 |   8 | 1107.1 |
        Temple |     10 |     10 |      0 |      0 |      0 |   1 |   10.0 |
               +--------+--------+--------+--------+--------+-----+--------+

Top non-repeatable levels by time:
     D:6: 1763 daAuts
     D:2: 1461 daAuts
     D:4: 1434 daAuts
     D:7: 1170 daAuts
     D:5: 1146 daAuts
     D:1: 945 daAuts
     D:3: 651 daAuts
     D:8: 285 daAuts
  Temple: 10 daAuts
